AoeStats
← Dobi

Arabia

504288561Analyzed
1v1 RM · 29d ago on Sep 4, 2026· 25m 59s· 2 players
Game mode
Random Map
Map size
Tiny (2 player)
Population
200
Speed
Normal
Resources
Standard
Victory
Conquest
Starting age
Dark Age
Ending age
Imperial Age
RankedLock teamsTeams togetherTeam positionsShared explorationLock speedFull tech treeHidden civsTurbo modeCheats
Victory
Defeat
🇻🇪 Khitans · Venezuela
1153
+17
🇸🇪 Maya · Sweden
1182
-17
BSV | Yonson
5:27 Loom
10:26 Feudal Age
10:30 Man-at-Arms
12:16 Double-Bit Axe
13:12 Town Watch
14:57 Wheelbarrow
16:54 Padded Archer Armor
17:25 Fletching
Dobi
0:25 Loom
11:20 Feudal Age
17:49 Scale Mail Armor
17:39 Double-Bit Axe
21:35 Padded Archer Armor
Connection lost

Rejoining the realm…

Still unreachable

The connection could not be restored.

Session expired

The server has moved on; the page needs a fresh start.